 Dungeon Crawl Stone Soup version 0.29.1-2-gbd0b4ee654 (webtiles) character file.

Game seed: 12992499368198734173

4 qeuew the Shooter (level 1, -1/10 HPs)
             Began as a Spriggan Hunter on Nov 3, 2022.
             Succumbed to a goblin's poison
             ... on level 1 of the Dungeon.
             The game lasted 00:00:22 (64 turns).

qeuew the Shooter (Spriggan Hunter)                   Turns: 64, Time: 00:00:23

Health: -1/10      AC:  2    Str:  7    XL:     1   Next: 58%
Magic:  2/2        EV: 18    Int: 10    God:
Gold:   13         SH:  0    Dex: 18    Spells: 0/0 levels left

rFire   . . .      SeeInvis +   a - +0 shortbow
rCold   . . .      Faith    .   (shield currently unavailable)
rNeg    . . .      Spirit   .   c - +0 robe
rPois   .          Reflect  .   (helmet restricted)
rElec   .          Harm     .   (no cloak)
rCorr   .          Rampage  .   (gloves unavailable)
Will    .....                   (boots unavailable)
Stlth   ++........              (no amulet)
HPRegen 0.03/turn               (no ring)
MPRegen 0.08/turn               (no ring)

@: lethally poisoned (-1 -> -13), very quick
A: very small, no large weapons, unfitting armour, see invisible, speed 3
a: no special abilities


You were on level 1 of the Dungeon.
You visited 1 branch of the dungeon, and saw 1 of its levels.

You collected 13 gold pieces.

Inventory:

Hand Weapons
 a - a +0 shortbow (weapon)
Armour
 c - a +0 robe (worn)
Jewellery
 e - an amulet of guardian spirit
Scrolls
 b - a scroll of immolation
 d - a scroll of teleportation {unknown}


   Skills:
 + Level 1.6 Fighting
 + Level 4.1 Ranged Weapons
 * Level 2.8 Dodging
 * Level 1.5 Stealth


You couldn't memorise any spells.
You didn't know any spells.
Your spell library was empty.

Dungeon Overview and Level Annotations

Branches:
Dungeon (1/15)

Altars:


Innate Abilities, Weirdness & Mutations

You are very small and have problems with some larger weapons.
You are too small for most types of armour.
You have supernaturally acute eyesight. (SInv)
You cover ground extremely quickly. (Speed+++)


Message History

a +0 club; a goblin corpse A kobold comes into view.
It is wielding a +0 dagger.
A hobgoblin comes into view.
You shoot an arrow. The hobgoblin shouts!
The arrow hits the hobgoblin!
You kill the hobgoblin!
A kobold is nearby!
You shoot an arrow. The arrow hits the kobold.
You kill the kobold!
A rat comes into view.
The rat moves out of view.
No target in view!
A goblin comes into view. It is wielding a +1 dagger of venom.
The goblin shouts!
You shoot an arrow. The arrow barely misses the goblin.
A goblin is nearby!
You shoot an arrow. The arrow closely misses the goblin.
A goblin is nearby!
You shoot an arrow. The arrow closely misses the goblin.
There are monsters nearby!
You shoot an arrow.
The arrow hits the goblin but does no damage.
There are monsters nearby!
You shoot an arrow. The arrow barely misses the goblin.
The goblin completely misses you.
There are monsters nearby!
You shoot an arrow. The arrow hits the goblin.
The goblin is severely wounded.
The goblin hits you with a +1 dagger of venom.
Ouch! That really hurt!
You are lethally poisoned!
You are too injured to fight recklessly!
You are too injured to fight recklessly!
You are too injured to fight recklessly!
You aren't carrying any potions.
* * * LOW HITPOINT WARNING * * *
You feel very sick.
* * * LOW HITPOINT WARNING * * *
You feel sick.
You die...

..........# #.#
..........#
#.#.##.#..#
##.#.######
#.#.##.#..#
#...#
#.#.##.#..#
#.#.#
#.#.##.#r.#
#...#
#.#.##.#..#
#.>.#
#.#.##.#..#
#...#
####.#.##.#..##
#.#.#
#......@.g....#
#...#
#.##.#.########
#.#.#
#.##)#...)..#
##...#
#....####.###
.....#####.##.#
#
####.#...†....#
#.#.####.###
#.........#
###.####....


You could see a goblin.

Vanquished Creatures
  A goblin (D:1)
  A hobgoblin (D:1)
  A frilled lizard (D:1)
  A kobold (D:1)
  A rat (D:1)
5 creatures vanquished.

Notes
Turn   | Place    | Note
-------+----------+-------------------------------------------
     0 | D:1      | qeuew the Spriggan Hunter began the quest for the Orb.
     0 | D:1      | Reached XP level 1. HP: 10/10 MP: 2/2
    64 | D:1      | Succumbed to a goblin's poison

Illustrated notes

Levels and vault maps discovered:
D:1:      lemuel_arrival_hallway, layout_basic, minmay_rat_gold_closets

Action                   || total
-------------------------++-------
 Fire: Shortbow          ||    13
Dodge: Dodged            ||     1
